 Dungeon Crawl Stone Soup version 0.21.1-1-g345015fe64 (webtiles) character file.

70 Jyngge the Covered (level 4, -1/40 HPs)
             Began as a Minotaur Fighter on June 23, 2018.
             Slain by a gnoll
             ... wielding a +0 halberd
              (10 damage)
             ... on level 2 of the Dungeon.
             The game lasted 00:04:21 (1456 turns).

Jyngge the Covered (Minotaur Fighter)               Turns: 1456, Time: 00:04:21

Health: -1/40      AC: 14    Str: 21    XL:     4   Next: 4%
Magic:  3/3        EV:  4    Int:  5    God:
Gold:   71         SH:  9    Dex: 10    Spells: 3/3 levels left

rFire    . . .     SeeInvis .   a - +0 war axe
rCold    . . .     Gourm    .   c - +0 shield
rNeg     . . .     Faith    .   s - +0 plate armour
rPois    .         Spirit   .   (helmet restricted)
rElec    .         Reflect  .   (no cloak)
rCorr    .         Harm     .   r - +0 pair of gloves
MR       .....                  m - +0 pair of boots
Stlth    ..........             (no amulet)
HPRegen  0.13/turn              (no ring)
MPRegen  0.08/turn              (no ring)

@: no status effects
A: retaliatory headbutt, horns 2
a: no special abilities


You were on level 2 of the Dungeon.
You were not hungry.

You visited 1 branch of the dungeon, and saw 2 of its levels.

You collected 71 gold pieces.

Inventory:

Hand Weapons
 a - a +0 war axe (weapon)
Armour
 b - a +0 scale mail
 c - a +0 shield (worn)
 m - a +0 pair of boots (worn)
 r - a +0 pair of gloves (worn)
 s - a +0 plate armour (worn)
Jewellery
 g - an uncursed amulet of harm {unknown}
 l - a +2 ring of dexterity {unknown}
Scrolls
 e - 3 scrolls of identify {unknown}
 i - a scroll of magic mapping {unknown}
 k - a scroll of fog {unknown}
 n - a scroll of enchant armour {unknown}
 p - a scroll of teleportation {unknown}
Potions
 d - 2 potions of might
 h - a potion of berserk rage {unknown}
 j - a potion of ambrosia {unknown}
 o - a potion of haste {unknown}
 q - a potion of lignification {unknown}
 u - a potion of curing {unknown}
Comestibles
 f - 4 rations
 t - 2 chunks of flesh


   Skills:
 + Level 4.0 Fighting
 + Level 3.2 Axes
 + Level 4.6 Armour
 + Level 4.4 Shields


You had 3 spell levels left.
You didn't know any spells.

Dungeon Overview and Level Annotations

Branches:
Dungeon (2/15)

Altars:
Nemelex Xobeh


Innate Abilities, Weirdness & Mutations

You reflexively headbutt those who attack you in melee.
You have a pair of horns on your head.


Message History

You have reached level 4!
You feel agile.
The gnoll hits you from afar with a halberd!
The gnoll hits you with a halberd.
Items here: )) †† a whip; a club; a gnoll corpse x2
You closely miss the gnoll. The gnoll hits you with a halberd.
* * * LOW HITPOINT WARNING * * *
You closely miss the gnoll.
You headbutt the gnoll, but do no damage.
You block the gnoll's attack.
You closely miss the gnoll. You block the gnoll's attack.
You closely miss the gnoll. The gnoll closely misses you.
You furiously retaliate!
You headbutt the gnoll! You hit the gnoll but do no damage.
Your headbutt misses the gnoll.
The gnoll is severely wounded.
The gnoll hits you with a halberd.
* * * LOW HITPOINT WARNING * * *
The gnoll hits you with a halberd!
You die...

#..........### ##......##
#####.......<....###........##
#
#.....##########.##..........#
# ..##### #.##..........## #
(...# #..............### ....#
### ####.............. ....###
#... #..<........... ......#
#....#####........##...
......#
#....g@...>...........#
####..##
#....####..........#### ##..#
#... ####..........# #..##
######.............#
#####...####.....##.......[..#
.............###.............#
......#.....# #............##
......#.....####...........##
......##....#........####.##


You could see a gnoll.

Vanquished Creatures
  An adder (D:2)
  2 gnolls (D:2)
  An ooze (D:2)
  2 worms (D:2)
  A dart slug (D:1)
  A giant cockroach (D:2)
  7 goblins
  3 hobgoblins (D:1)
  A quokka (D:2)
  A ball python (D:1)
  3 bats
  4 kobolds (D:1)
  4 rats (D:1)
31 creatures vanquished.

Notes
Turn   | Place    | Note
-------+----------+-------------------------------------------
     0 | D:1      | Jyngge the Minotaur Fighter began the quest for the Orb.
     0 | D:1      | Reached XP level 1. HP: 19/19 MP: 0/0
   157 | D:1      | Found a sparkling altar of Nemelex Xobeh.
   199 | D:1      | Reached XP level 2. HP: 24/27 MP: 1/1
   716 | D:2      | Reached XP level 3. HP: 33/33 MP: 2/2
  1450 | D:2      | Reached XP level 4. HP: 27/40 MP: 3/3
  1456 | D:2      | Slain by a gnoll

Skill      XL: |  1  2  3 |
---------------+----------+-----
Armour         | 4 |  4.6
Shields        | 4 |  4.4
Axes           | 3 |  3.2
Fighting       | 4 |  4.0

Action                   |  1- 3 |  4- 6 || total
-------------------------+-------+-------++-------
Melee: War axe           |    91 |     5 ||    96
       Headbutt          |    10 |     1 ||    11
  Eat: Chunk             |     2 |       ||     2
Armor: Scale mail        |    12 |       ||    12
       Plate armour      |    34 |       ||    34
Dodge: Dodged            |    25 |     1 ||    26
Block: Shield            |    58 |     2 ||    60
